 Dungeon Crawl Stone Soup version 0.28.0-47-ge53b351184 (webtiles) character file.

Game seed: 15905962870690247004

1456 101zpm the Thaumaturge (level 9, -2/55 HPs)
             Began as a Djinni Fire Elementalist on Apr 30, 2022.
             Slain by a yak (12 damage)
             ... on level 6 of the Dungeon.
             The game lasted 00:16:51 (10321 turns).

101zpm the Thaumaturge (Djinni Fire Elementalist)  Turns: 10321, Time: 00:16:52

Health: -2/55      AC:  2    Str:  7    XL:     9   Next: 5%
Gold:   298        EV: 13    Int: 20    God:
                   SH:  0    Dex: 15

rFire   + + .      SeeInvis .   m - +0 whip (antimagic)
rCold   x . .      Faith    .   (no shield)
rNeg    . . .      Spirit   .   a - +0 robe
rPois   ∞          Reflect  .   (no helmet)
rElec   .          Harm     .   (no cloak)
rCorr   .          Rampage  .   (no gloves)
Will    .....                   (boots unavailable)
Stlth   ++........              (no amulet)
HPRegen 0.18/turn               (no ring)
MPRegen 0.00/turn               (no ring)

@: flying
A: sickness immunity, fire resistance 2, cold vulnerability 1, float, innate
caster, HP casting, extra vitality 1
a: no special abilities


You were on level 6 of the Dungeon.
You visited 1 branch of the dungeon, and saw 9 of its levels.

You collected 298 gold pieces.

Inventory:

Hand Weapons
 m - a +0 antimagic whip (weapon)
Missiles
 l - a boomerang
 o - a throwing net
Armour
 a - a +0 robe (worn)
Wands
 u - a wand of acid (1)
 x - a wand of paralysis (4)
Scrolls
 b - a scroll of enchant weapon {unknown}
 d - 2 scrolls of fear {unknown}
 f - 3 scrolls of blinking {unknown}
 i - a scroll of teleportation {unknown}
 j - 3 scrolls of identify {unknown}
 k - 5 scrolls of vulnerability {unknown}
 q - 2 scrolls of amnesia {unknown}
 r - a scroll of holy word {unknown}
 w - a scroll of brand weapon {unknown}
Potions
 c - 2 potions of attraction {unknown}
 e - 2 potions of lignification {unknown}
 g - a potion of heal wounds {unknown}
 h - 5 potions of curing
 n - a potion of resistance {unknown}
 p - a potion of ambrosia {unknown}
 s - a potion of magic {unknown}
 t - a potion of haste {unknown}
 v - a potion of cancellation {unknown}
 z - a potion of berserk rage {unknown}
 A - a potion of flight {unknown}


   Skills:
 + Level 0.2 Fighting
 + Level 2.8 Dodging
 + Level 2.8 Stealth
 + Level 0.1 Unarmed Combat
 + Level 8.1 Spellcasting


You had 2 spell levels left.
You knew the following spells:

 Your Spells              Type           Power      Damage    Failure   Level
a - Foxfire               Conj/Fire      100%       2x1d9     1%          1
b - Scorch                Fire           80%        2d9       1%          2
c - Conjure Flame         Conj/Fire      40%        6-21      1%          3
d - Inner Flame           Hex/Fire       40%        N/A       1%          3
e - Flame Wave            Conj/Fire      40%        2d9       3%          4
f - Shock                 Conj/Air       100%       1d9       1%          1
g - Poisonous Vapours     Pois/Air       80%        N/A       1%          2
h - Ignite Poison         Fire/Tmut/Pois 40%        N/A       1%          3
i - Ozocubu's Armour      Ice            40%        N/A       1%          3
Your spell library was empty.

Dungeon Overview and Level Annotations

Branches:
Dungeon (9/15)
 Temple: D:4-7         Lair: D:8-11         Orc: D:9-12

Altars:
Cheibriados
Dithmenos
Hepliaklqana
Kikubaaqudgha
Qazlal
Zin
The Shining One

Shops:
D:3 (

Annotations:
D:3 2 transporters, 101zpm's ghost, weakling TrWz
D:6 1 runed translucent door, Crazy Yiuf


Innate Abilities, Weirdness & Mutations

You are immune to sickness and miasma.
You are immune to poison.
Your flesh is very heat resistant. (rF++)
You are vulnerable to cold. (rC-)
You float through the air rather than walking.
You learn spells naturally, not from books.
Your magical power is your life essence.
You have superior vitality. (+4 MHP)


Message History

There is a stone staircase leading down here.
You fly downwards.
There is a stone staircase leading up here.
There is a stone staircase leading down here.
You fly downwards.
There is a stone staircase leading up here.
Found 15 gold pieces.
Found a stone staircase leading up.
There is a stone staircase leading down here.
You fly downwards.
There is a stone staircase leading up here.
There are monsters nearby!
Casting: Foxfire (safe; 1% risk of failure)
Confirm with . or Enter, or press ? or * to list all spells.
Aiming: Inner Flame (safe; 1% risk of failure)
Press: ? - help, Dir - move target, f - yak
Aim: a yak (asleep, chance to affect: 89%)
The yak bellows!
The yak is filled with an inner flame.
The yak bellows! x2
The yak gores you!
You fly upwards.
There is a stone staircase leading down here.
You conjure some foxfire!
The yak gores you. The yak misses you.
Your foxfire dissipates!
The yak gores you. The yak gores you! The yak gores you.
There is a stone staircase leading up here.
The yak closely misses you.
You fly upwards.
There is a stone staircase leading down here.
The yak misses you.
There is a stone staircase leading up here.
The yak gores you!
* * * LOW HITPOINT WARNING * * *
You fly upwards.
Level annotation: 1 runed translucent door, Crazy Yiuf
There is a stone staircase leading down here.
There is a stone staircase leading up, spattered with blood here.
The yak gores you!
You die...

#.......# ##....#.###
####.#### #......# #.#
###.###### #.# ####....... #
#.# ###.......### #
#.####......##.# #
###########........##.##.# ###
##.......)...####...##.##.#
.)###...########@# ###.##.##.#
#.......# #Y# #.#...#.#
#####...# #.# #.....>.# #
##### ##.# ###[..### # # #..#
#...# # ####### #.## #...#####
#.....# #.# #######........
#.....######.###..............
#
#..................<..........


You could see a yak.

Vanquished Creatures
  Grinder (D:4)
  Sigmund (D:2)
  A water moccasin (D:5)
  2 black bears (D:4)
  An ogre (D:6)
  A phantom (D:4)
  A bullfrog (D:6)
  A scorpion (D:3)
  A howler monkey (D:6)
  A centaur zombie (D:5)
  2 bullfrog zombies
  A bullfrog skeleton (D:5)
  A hound (D:4)
  2 iguanas (D:6)
  An orc wizard (D:3)
  2 killer bee zombies
  A hound skeleton (D:4)
  4 gnolls (D:4)
  8 adders
  2 shadow imps
  A white imp (D:6)
  A worm (D:2)
  5 dart slugs
  5 orcs
  5 ball pythons
  7 bats
  6 endoplasms
  4 giant cockroaches
  7 goblins
  10 hobgoblins
  4 jackals (D:3)
  6 quokkas
  2 frilled lizards
  10 kobolds
  4 rats
112 creatures vanquished.

Vanquished Creatures (collateral kills)
  5 foxfires (D:2)
5 creatures vanquished.

Vanquished Creatures (others)
  555 foxfires
  2 fungi (D:2)
  3 plants (D:2)
560 creatures vanquished.

Grand Total: 677 creatures vanquished

Notes
Turn   | Place    | Note
-------+----------+-------------------------------------------
     0 | D:1      | 101zpm the Djinni Fire Elementalist began the quest for the
                  | Orb.
     0 | D:1      | Reached XP level 1. HP: 15/15 MP: 0/0
   487 | D:1      | Reached XP level 2. HP: 17/21 MP: 0/0
  1084 | D:1      | Reached skill level 3 in Spellcasting
  1169 | D:1      | Reached XP level 3. HP: 21/25 MP: 0/0
  1169 | D:1      | Learned a level 1 spell: Shock
  2092 | D:2      | Found a faded altar of an unknown god.
  2573 | D:2      | Noticed Sigmund
  2584 | D:2      | Killed Sigmund
  2585 | D:2      | Reached skill level 4 in Spellcasting
  2585 | D:2      | Reached XP level 4. HP: 18/31 MP: 0/0
  2585 | D:2      | Reached XP level 5. HP: 20/35 MP: 0/0
  2585 | D:2      | Learned a level 2 spell: Poisonous Vapours
  2585 | D:2      | Reached XP level 6. HP: 23/40 MP: 0/0
  4499 | D:3      | Reached skill level 5 in Spellcasting
  4612 | D:3      | Found a glowing silver altar of Zin.
  4883 | D:3      | Found Lythrudo's Weapon Shop.
  5745 | D:3      | Found a transporter.
  5768 | D:3      | Found a transporter.
  5771 | D:3      | Noticed 101zpm's ghost (weakling TrWz)
  5843 | D:4      | Reached XP level 7. HP: 30/45 MP: 0/0
  5843 | D:4      | Learned a level 3 spell: Ignite Poison
  6419 | D:4      | Reached skill level 6 in Spellcasting
  6726 | D:4      | Found a hazy altar of Hepliaklqana.
  6797 | D:4      | Noticed Grinder
  6810 | D:4      | Killed Grinder
  6811 | D:4      | Reached XP level 8. HP: 36/50 MP: 0/0
  7038 | D:4      | Reached skill level 7 in Spellcasting
  7307 | D:4      | Found a snail-covered altar of Cheibriados.
  7468 | D:5      | Entered Level 5 of the Dungeon
  7914 | D:5      | Found a glowing golden altar of the Shining One.
  9248 | D:6      | Reached skill level 8 in Spellcasting
  9248 | D:6      | Reached XP level 9. HP: 51/55 MP: 0/0
  9248 | D:6      | Learned a level 3 spell: Ozocubu's Armour
  9309 | D:6      | Found a runed translucent door.
  9309 | D:6      | Noticed Crazy Yiuf
  9572 | D:6      | Found a stormy altar of Qazlal.
 10057 | D:8      | Found a shadowy altar of Dithmenos.
 10321 | D:6      | Slain by a yak

Illustrated notes

Levels and vault maps discovered:
D:1:      lightli_arrival_lavapool, layout_loops_ring
D:2:      layout_loops_corners, dreamdust_ecumenical_altar_grove,
          minmay_misc_feat_room, uniq_sigmund
D:3:      layout_basic, mainiacjoe_overflow_24_doors, zin_treasury,
          serial_shops, nicolae_shop_hallway_stairs, portal_sewer_entry_d,
          gammafunk_ghost_mausoleum
D:4:      layout_rooms, general_overflow_altar, nzn_hepliaklqana_mist_gate,
          uniq_grinder
D:5:      layout_cave_pods, mainiacjoe_overflow_six_doors_small
D:6:      layout_loops_cross, mainiacjoe_overflow_brackets,
          uniq_crazy_yiuf_cottage
D:7:      layout_rooms, mainiacjoe_overflow_two_lobes, minmay_temple_entry_grid,
          serial_rivers, chequers_serial_rivers_micro_e,
          chequers_serial_rivers_large_b, chequers_serial_rivers_micro_c,
          chequers_serial_rivers_small_3, chequers_serial_rivers_large_a,
          chequers_serial_rivers_micro_d, uniq_maggie
D:8:      layout_basic, nicolae_dithmenos_through_a_glass_darkly
D:9:      layout_basic

Skill      XL: |  1  2  3  4  5  6  7  8 |
---------------+-------------------------+-----
Spellcasting   | 3 4 5 6 8 |  8.1
Stealth        | 2 |  2.8
Fighting       | |  0.2
Dodging        | |  2.8
Unarmed Combat | |  0.1

Action                   |  1- 3 |  4- 6 |  7- 9 || total
-------------------------+-------+-------+-------++-------
Melee: Unarmed           |     3 |       |       ||     3
 Cast: Foxfire           |   107 |   102 |   145 ||   354
       Scorch            |     4 |     8 |     6 ||    18
       Inner Flame       |       |    21 |    31 ||    52
       Poisonous Vapours |       |     6 |       ||     6
       Ozocubu's Armour  |       |       |     1 ||     1
Armor: Robe              |     1 |     1 |     7 ||     9
Dodge: Dodged            |     8 |     7 |    14 ||    29
